[Event "IV Pullman Blitz 2022"]
[Site "Riga, Latvia"]
[Date "2022.02.20"]
[Round "1.1"]
[White "Berzinsh, Roland"]
[Black "Aminovs, Maksims"]
[Result "1-0"]
[TimeControl "180+2"]
[WhiteTitle "IM"]
[WhiteElo "2285"]
[BlackElo "1669"]

1. e4 Nf6 2. e5 Nd5 3. d4 d6 4. c4 Nb6 5.
exd6 cxd6 6. d5 g6 7. Qd4 Rg8 8. Be3 Bg7 9. Qd2 N8d7 10. Nc3 Ne5 11. b3 Bd7 12. h3 f5 13. f4 Nf7 14. Nf3 e5 15. dxe6 Bxe6 16. Nd4 Qe7 17. Be2 O-O-O 18. Rc1 Rge8 19. O-O Kb8 20. Bf2 g5 21.
Rfe1 gxf4 22. Bh5 Bxd4 23. Qxd4 Qf8 24. Qxf4 Qg7 25. Bd4 Qg5 26. Qxg5 Nxg5 27. Bxe8 Rxe8 28. Nd5 Rg8 29. Kh2 Nxd5 30. cxd5 Bxd5 31. Be3 Ne6 32. Rc2 f4 33. Bg1 f3 34.
gxf3 Nf4 35. Be3 Ne6 36. Rg2 Re8 37.
Rd1 Bxf3 38. Rf2 Bxd1 39. Rf7 Nc7 40. Bf4 Rd8 41. Rxh7 Kc8 42. h4 Bf3 43. h5 d5 44. Rxc7+ 1-0

[Event "IV Pullman Blitz 2022"]
[Site "Riga, Latvia"]
[Date "2022.02.20"]
[Round "1.2"]
[White "Verhni, Vladimir"]
[Black "Mustaps, Matiss"]
[Result "0-1"]
[TimeControl "180+2"]
[BlackTitle "FM"]
[WhiteElo "1656"]
[BlackElo "2261"]

1. e4 c5 2. c4 Nc6 3. Nc3 g6 4. g3 Bg7 5.
Bg2 d6 6. Nge2 e6 7. O-O Nge7 8. d3 O-O 9. Be3 Nd4 10. f4 f5 11. Rc1 Nec6 12. h3 a6 13. Qd2 Rb8 14.
Bf2 b5 15. b3 Bd7 16. Nxd4 Nxd4 17. Ne2 Nxe2+ 18. Qxe2 a5 19. g4 a4 20. exf5 gxf5 21. g5 bxc4 22. dxc4 axb3 23. axb3 Rxb3 24. Qd1 Qb6 25. Rb1 Rxb1 26.
Qxb1 Rb8 27. Qd3 Be8 28. Bf3 Bf7 29.
Rd1 Rd8 30. h4 Qc7 31. h5 d5 32. cxd5 Qxf4 33.
g6 hxg6 34. hxg6 Bxg6 35. Bxc5 Qg3+ 36. Kf1 f4 37. Qe2 e5 38. Bf2 Qh3+ 39. Bg2 Qf5 40. d6 e4 41. Bb6 f3 42. Bxf3 exf3 43. Qc4+ Bf7 44. Qd3 Qh3+ 45.
Kf2 Qg2+ 46. Ke3 Re8+ 47. Kf4 Bh6+ 48. Kf5 Qg5# 0-1

[Event "IV Pullman Blitz 2022"]
[Site "Riga, Latvia"]
[Date "2022.02.20"]
[Round "1.3"]
[White "Sveshnikov, Vladimir"]
[Black "Dombrovska, Stefanija"]
[Result "1-0"]
[TimeControl "180+2"]
[WhiteTitle "IM"]
[WhiteElo "2233"]
[BlackElo "1630"]

1. e4 Nc6 2. Nf3 e5 3. Bb5 d6 4. d4 exd4 5. O-O Bd7 6.
Bxc6 Bxc6 7. Nxd4 Bd7 8.
Nc3 Nf6 9. Bg5 Be7 10. Qf3 O-O 11. Rfe1 c5 12. Nf5 Bxf5 13. exf5 Rb8 14. Rad1 h6 15. Bh4 Nd5 16. Bxe7 Nxe7 17.
f6 Ng6 18. Nd5 b5 19. Ne7+ Kh7 20. Nc6 Qxf6 21. Qxf6 gxf6 22. Nxb8 Rxb8 23. Rxd6 Kg7 24. g3 Rb7 25. f4 Ne7 26.
Red1 Nf5 27. Rd7 Rb6 28. Rxa7 Nd4 29. c3 Nc6 30. Rc7 Nb8 31. Rxc5 b4 32. cxb4 Rxb4 33. b3 Re4 34. Kf2 Na6 35.
Rc4 Re6 36. Rd7 Nb8 37. Rd5 Nc6 38. h4 Ne7 39. Rdc5 Rd6 40. Rc2 f5 41. h5 Kf6 42. b4 Rd4 43. b5 Rb4 44. a3 Rb3 45. a4 1-0

[Event "IV Pullman Blitz 2022"]
[Site "Riga, Latvia"]
[Date "2022.02.20"]
[Round "2.1"]
[White "Krivenko, Dion"]
[Black "Berzinsh, Roland"]
[Result "1/2-1/2"]
[TimeControl "180+2"]
[BlackTitle "IM"]
[WhiteElo "1919"]
[BlackElo "2285"]

1. e4 c5 2. Nf3 b6 3. c3 Bb7 4. Bd3 Nf6 5. Qe2 e6 6.
Bc2 Be7 7. O-O O-O 8. d4 cxd4 9.
cxd4 Ba6 10. Bd3 Bxd3 11. Qxd3 d5 12.
e5 Ne4 13. Nbd2 Nxd2 14. Bxd2 Nd7 15. g3 Qc7 16. h4 Rfc8 17.
Rac1 Qb7 18. Ng5 Bxg5 19. Bxg5 b5 20. h5 h6 21. Bd2 a6 22. g4 Rxc1 23. Bxc1 Rc8 24. g5 hxg5 25. Bxg5 Qc6 26. Qf3 Nf8 27. Kg2 Qe8 28.
h6 Nh7 29. Be3 f5 30. exf6 Qg6+ 31. Kh2 Qxf6 32. Qg3 g5 33. Rg1 Qxh6+ 34. Kg2 Rf8 35. Kf1 Qg6 36. Bxg5 Qb1+ 37. Kg2 Qe4+ 38. Kf1 Qb1+ 39. Kg2 Qe4+ 40. Kf1 Qb1+ 41. Kg2 1/2-1/2

[Event "IV Pullman Blitz 2022"]
[Site "Riga, Latvia"]
[Date "2022.02.20"]
[Round "2.2"]
[White "Mustaps, Matiss"]
[Black "Walther, Cliff"]
[Result "1-0"]
[TimeControl "180+2"]
[WhiteTitle "FM"]
[WhiteElo "2261"]
[BlackElo "1892"]

1. e4 c5 2. Nf3 Nc6 3. d3 g6 4. g3 Bg7 5.
Bg2 e6 6. O-O d5 7. Nbd2 Nge7 8.
Re1 O-O 9. c3 b5 10. e5 b4 11. h4 a5 12.
Nf1 a4 13. a3 Na5 14. Bg5 h6 15. Bf4 Nb3 16. Rb1 Ba6 17. N1h2 h5 18. Bg5 Qc7 19. Bf6 Nf5 20. g4 hxg4 21.
Nxg4 Rab8 22. Ne3 Nxe3 23. Rxe3 Bxf6 24. exf6 Qd8 25. Ne5 Qxf6 26. Nd7 Qxh4 27. Nxb8 Rxb8 28. Qe1 bxa3 29. bxa3 Rd8 30. Rh3 Qf6 31.
Rf3 Qg5 32. Rg3 Qf6 33. Rb2 e5 34.
Re2 e4 35. Bxe4 dxe4 36. Rxe4 Bxd3 37. Re8+ Rxe8 38. Qxe8+ Kg7 39. Rxd3 Nc1 40. Rh3 Qg5+ 41. Kf1 1-0

[Event "IV Pullman Blitz 2022"]
[Site "Riga, Latvia"]
[Date "2022.02.20"]
[Round "2.3"]
[White "Maklakova, Nellija"]
[Black "Sveshnikov, Vladimir"]
[Result "0-1"]
[TimeControl "180+2"]
[BlackTitle "IM"]
[WhiteElo "1776"]
[BlackElo "2233"]

1. c4 e6 2. Nc3 d5 3. e3 Nf6 4.
Nf3 c6 5. Be2 Bd6 6. O-O O-O 7. d4 Nbd7 8. c5 Bc7 9. b4 a6 10. a4 e5 11. Bb2 e4 12. Nd2 Re8 13. b5 axb5 14. axb5 Rxa1 15. Qxa1 h5 16. bxc6 bxc6 17. Qa8 Nb8 18.
Rb1 Ng4 19. Nf1 Qh4 20. g3 Qf6 21. Bc1 Qxf2+ 22. Kh1 Nxh2 23. Nxh2 Bxg3 24. Nf1 Bh3 0-1

[Event "IV Pullman Blitz 2022"]
[Site "Riga, Latvia"]
[Date "2022.02.20"]
[Round "2.4"]
[White "Antoms, Guntars"]
[Black "Vingris, Mikelis"]
[Result "1-0"]
[TimeControl "180+2"]
[WhiteTitle "IM"]
[WhiteElo "2231"]
[BlackElo "1811"]

1. Nf3 c5 2. g3 g6 3. Bg2 Bg7 4.
O-O Nc6 5. d3 e5 6. Nc3 d6 7. a3 Be6 8. Rb1 Nge7 9. Ng5 Bd7 10. b4 h6 11. Nge4 cxb4 12. Nxd6+ Kf8 13. axb4 Rb8 14.
b5 Nd4 15. Ba3 b6 16. Nd5 Kg8 17. Nb7 Rxb7 18. Nxe7+ Kh7 19. Bxb7 Nxb5 20. Bb4 a5 21. Nc6 Bxc6 22. Bxc6 Nd4 23.
Bg2 axb4 24. Rxb4 Qc7 25. c4 f5 26. e3 Ne6 27. Qc2 f4 28. Rfb1 fxe3 29. fxe3 Rb8 30. Bd5 Ng5 31. Qg2 Qc5 32. Kf2 Rf8+ 33. Ke2 Bf6 34.
h4 Nf7 35. Rxb6 Nd6 36. Rc6 Qa3 37. Rd1 Rb8 38. Rd2 Rb1 39.
Qf3 Kg7 40. Rc7+ Kh8 41. Qxf6# 1-0

[Event "IV Pullman Blitz 2022"]
[Site "Riga, Latvia"]
[Date "2022.02.20"]
[Round "3.1"]
[White "Jazdanovs, Aleksandrs"]
[Black "Mustaps, Matiss"]
[Result "1/2-1/2"]
[TimeControl "180+2"]
[BlackTitle "FM"]
[WhiteElo "2027"]
[BlackElo "2261"]

1. e4 c5 2. Nf3 Nc6 3. d4 cxd4 4. Nxd4 g6 5. Nc3 Bg7 6. Be3 Nf6 7. Bc4 O-O 8. Bb3 Ng4 9. Qxg4 Nxd4 10. Qd1 Nxb3 11. axb3 a6 12. Bd4 d6 13. Bxg7 Kxg7 14. O-O Be6 15. Qd4+ Kg8 16. Nd5 Bxd5 1/2-1/2

[Event "IV Pullman Blitz 2022"]
[Site "Riga, Latvia"]
[Date "2022.02.20"]
[Round "3.2"]
[White "Sveshnikov, Vladimir"]
[Black "Gorozhankina, Julia"]
[Result "0-1"]
[TimeControl "180+2"]
[WhiteTitle "IM"]
[BlackTitle "WFM"]
[WhiteElo "2233"]
[BlackElo "2033"]

1. e4 c5 2. c3 Nf6 3.
e5 Nd5 4. d4 cxd4 5. Nf3 d6 6. exd6 Qxd6 7. Na3 a6 8.
Nc4 Qd8 9. Nxd4 Nd7 10. Be2 e6 11. O-O Be7 12. Bf3 N7f6 13. Ne5 O-O 14. c4 Nb6 15. Bf4 Nbd7 16. Qe2 Nxe5 17. Bxe5 Bd6 18.
Rfd1 Bxe5 19. Qxe5 Qe7 20. Nf5 Qb4 21. Nd6 Ra7 22. a3 Qb6 23. c5 Qc7 24. b4 b6 25. Rac1 bxc5 26. Rxc5 Qb8 27. Qc3 Bd7 28. h3 h6 29.
Ne4 Nd5 30. Qb2 Bb5 31. Nc3 Nxc3 32. Qxc3 Rd7 33. Rxd7 Bxd7 34. Qd4 Bb5 35. Qc3 Rd8 36. g3 Qd6 37. Kg2 Qd3 38. Rc8 Qxc3 39. Rxc3 g6 40. h4 h5 41. Be4 Kg7 42. Bc2 Rd7 43.
a4 Be2 44. f3 Bd1 45. Be4 Bxa4 46.
Kf2 Bb5 47. Ke3 Rd6 48. Rc7 Kf6 49.
Ra7 Rd7 50. Ra8 Rc7 51. g4 Rc3+ 52. Kd2 Rb3 53. g5+ Kg7 54. Ra7 Rxb4 55. Kc3 Rc4+ 56. Kd2 Rd4+ 57. Ke3 Rd1 58.
Kf4 Rh1 59. Kg3 Rg1+ 60. Kf2 Ra1 61. Bb7 a5 62. Bc8 Bc4 63. Bd7 e5 64. Rc7 Bd5 65. Rc5 Ra2+ 66. Kg3 Bb3 67. Rxe5 a4 68. Ra5 a3 69. f4 Ra1 70. f5 gxf5 71. Bxf5 a2 72.
Kh2 Rf1 73. Bd3 a1=Q 0-1

[Event "IV Pullman Blitz 2022"]
[Site "Riga, Latvia"]
[Date "2022.02.20"]
[Round "3.3"]
[White "Agafonov, Yuri Dr"]
[Black "Antoms, Guntars"]
[Result "0-1"]
[TimeControl "180+2"]
[BlackTitle "IM"]
[WhiteElo "2005"]
[BlackElo "2231"]

1. d4 Nf6 2. Nf3 g6 3. c4 Bg7 4.
Nc3 O-O 5. e4 d6 6. Be2 Bg4 7. Be3 Nfd7 8. Rc1 e5 9. dxe5 dxe5 10. O-O Nc6 11. a3 Bxf3 12.
Bxf3 Nd4 13. Bg4 Nf6 14. Bh3 c6 15. f4 Nh5 16. fxe5 Bxe5 17. Ne2 Nxe2+ 18. Qxe2 Qc7 19. g3 Rad8 20. Rcd1 c5 21. Rd5 b6 22.
Rfd1 Nf6 23. Rxd8 Rxd8 24. Rxd8+ Qxd8 25. Bg2 h5 26. Bf3 Bd4 27. Kg2 Qd6 28. Bg5 Nd7 29. Bf4 Be5 30. Bc1 Nb8 31.
Qd1 Qe7 32. Qd5 Nd7 33. Bg5 Nf6 34.
Bxf6 Qxf6 35. Qa8+ Kg7 36. Qxa7 Bxb2 37. a4 Bc3 38. Qd7 Ba5 39. h4 Qb2+ 40. Kh3 Qc3 41. Bg2 Qxc4 42. Qd5 Qc3 43. e5 Qe3 44.
Qe4 Qxe4 45. Bxe4 Bc3 46. g4 hxg4+ 47. Kxg4 Bxe5 48. h5 f5+ 49. Bxf5 gxf5+ 50. Kxf5 Bc3 51. Ke4 Kh6 52. Kd5 Ba5 0-1

[Event "IV Pullman Blitz 2022"]
[Site "Riga, Latvia"]
[Date "2022.02.20"]
[Round "3.4"]
[White "Semjonovs, Ilja"]
[Black "Krustkalns, Kristaps"]
[Result "0-1"]
[TimeControl "180+2"]
[WhiteTitle "FM"]
[BlackTitle "FM"]
[WhiteElo "2138"]
[BlackElo "1974"]

1. d4 f5 2. Nf3 Nf6 3. Bg5 e6 4. e3 d5 5. Bxf6 Qxf6 6. Ne5 Bd6 7. f4 O-O 8. Bd3 b6 9. Qe2 a5 10.
Nd2 Qh4+ 11. g3 Qe7 12. Ndf3 c5 13. c3 Nd7 14. O-O Nf6 15. Rfd1 Bd7 16. c4 Rab8 17. Rac1 dxc4 18. Bxc4 b5 19.
dxc5 Bxc5 20. Nxd7 Nxd7 21. Bxb5 Bxe3+ 22. Qxe3 Rxb5 23. Rc7 Rd8 24. Ne5 Rd5 25. Rxd5 exd5 26. Qa7 0-1

[Event "IV Pullman Blitz 2022"]
[Site "Riga, Latvia"]
[Date "2022.02.20"]
[Round "4.2"]
[White "Gorozhankina, Julia"]
[Black "Golubovskis, Maksims"]
[Result "1/2-1/2"]
[TimeControl "180+2"]
[WhiteTitle "WFM"]
[BlackTitle "FM"]
[WhiteElo "2033"]
[BlackElo "2066"]

1. e4 c5 2. Nf3 Nc6 3. Bb5 g6 4. O-O Bg7 5. Re1 Nf6 6. c3 O-O 7. h3 a6 8. Bf1 e5 9. Na3 d5 10. exd5 Nxd5 11. d3 Re8 12. Nc2 h6 13.
a4 Bf5 14. Ne3 Nxe3 15. Bxe3 b6 16.
Qd2 e4 17. dxe4 Bxe4 18. Qxd8 Rexd8 19. Nd2 Bf5 20. Nc4 Rab8 21. Be2 Bc2 22. a5 b5 23. Nd2 c4 24. Nf3 g5 25. Bb6 Rd7 26.
Bd1 Bg6 27. Be2 Re8 28. Bf1 Rc8 29.
Rad1 Bd3 30. Rd2 Rd5 31. Red1 Re8 32. Bxd3 cxd3 33. Rxd3 Rf5 34. Rd6 Ne5 35. Nxe5 Rfxe5 36. Rd8 Kh7 37. Rxe8 Rxe8 38. Rd7 Kg6 39. Rd6+ Kf5 40. g3 Re1+ 41.
Kg2 Re2 42. Rd5+ Kg6 43. b4 Bxc3 44. Rd6+ Kg7 45. Bc5 Re4 46. Rxa6 Bxb4 47. Bxb4 Rxb4 48. Rb6 Rb2 49. a6 1/2-1/2

[Event "IV Pullman Blitz 2022"]
[Site "Riga, Latvia"]
[Date "2022.02.20"]
[Round "4.3"]
[White "Krustkalns, Kristaps"]
[Black "Berzinsh, Roland"]
[Result "0-1"]
[TimeControl "180+2"]
[WhiteTitle "FM"]
[BlackTitle "IM"]
[WhiteElo "1974"]
[BlackElo "2285"]

1. e4 c5 2. Nf3 b6 3. d4 cxd4 4. Nxd4 Bb7 5. Nc3 a6 6. f4 d6 7. Be3 Nd7 8. Qf3 Ngf6 9. g4 e5 10. Nf5 g6 11. Ng3 exf4 12. Qxf4 Ne5 13. g5 Nfg4 14. Bd4 h6 15. h4 hxg5 16. hxg5 Rxh1 17. Nxh1 Qxg5 18.
Qxg5 Nf3+ 19. Ke2 Nxg5 20. Bxb6 Nxe4 21. Nxe4 Bxe4 22. Bh3 Ne5 23.
Bd4 f5 24. c3 Rb8 25. b4 Nf3 26. Nf2 Nxd4+ 27. cxd4 Rxb4 28. Nxe4 fxe4 29. Ke3 d5 30. Rc1 Bh6+ 0-1

[Event "IV Pullman Blitz 2022"]
[Site "Riga, Latvia"]
[Date "2022.02.20"]
[Round "4.4"]
[White "Mustaps, Matiss"]
[Black "Rychagov, Nikita"]
[Result "1-0"]
[TimeControl "180+2"]
[WhiteTitle "FM"]
[WhiteElo "2261"]
[BlackElo "1932"]

1. e4 e5 2. Nf3 Nc6 3. Bb5 a6 4. Ba4 Nf6 5.
d3 b5 6. Bb3 Bc5 7. c3 O-O 8. O-O d5 9. Nbd2 Bb7 10. h3 h6 11. Re1 Re8 12. Bc2 Bf8 13. Nf1 dxe4 14. dxe4 Na5 15. Qe2 Nc4 16.
Ng3 g6 17. b3 Nd6 18. Bb2 c5 19. c4 Qb6 20. Nxe5 Bg7 21. Rad1 h5 22. h4 Re6 23. Ba1 Rae8 24. f4 Qc7 25. Qf3 Ng4 26. Nxg4 hxg4 27.
Qxg4 Bxa1 28. Rxa1 Nxe4 29. Bxe4 Bxe4 30. Re2 Qd8 31. Rae1 Qd4+ 32. Kh2 bxc4 33. bxc4 f5 34. Qg5 Kf7 35. Nxe4 Rxe4 36. Rxe4 Rxe4 37. Rb1 Re7 38. Rb6 Qg7 39. h5 gxh5 40. Qxf5+ 1-0

[Event "IV Pullman Blitz 2022"]
[Site "Riga, Latvia"]
[Date "2022.02.20"]
[Round "5.2"]
[White "Berzinsh, Roland"]
[Black "Gorozhankina, Julia"]
[Result "1/2-1/2"]
[TimeControl "180+2"]
[WhiteTitle "IM"]
[BlackTitle "WFM"]
[WhiteElo "2285"]
[BlackElo "2033"]

1. d4 Nf6 2. Bf4 g6 3.
Nc3 d5 4. Qd2 Bg7 5. Bh6 O-O 6. O-O-O c6 7. f3 b5 8. Bxg7 Kxg7 9. e4 dxe4 10. fxe4 b4 11. e5 bxc3 12. exf6+ exf6 13. Qxc3 Be6 14. Bc4 Qb6 15. Ne2 Bxc4 16. Qxc4 Na6 17. Nc3 Rab8 18. Na4 Qb5 19. Qxb5 cxb5 20. Nc5 Nxc5 21.
dxc5 b4 22. Rd7 Rbc8 23. Rxa7 Rxc5 24.
Rd1 Rfc8 25. Rd2 f5 26.
b3 R5c7 27. Rd7 Rxc2+ 28. Kd1 Rc1+ 29. Ke2 R1c2+ 30. Ke3 R8c3+ 31. Kf4 Rf2+ 32. Ke5 Re2+ 33. Kd4 Rd2+ 34. Ke5 Re2+ 1/2-1/2

[Event "IV Pullman Blitz 2022"]
[Site "Riga, Latvia"]
[Date "2022.02.20"]
[Round "5.3"]
[White "Golubovskis, Maksims"]
[Black "Mustaps, Matiss"]
[Result "1/2-1/2"]
[TimeControl "180+2"]
[WhiteTitle "FM"]
[BlackTitle "FM"]
[WhiteElo "2066"]
[BlackElo "2261"]

1. e4 c5 2. Nf3 Nc6 3. d4 cxd4 4. Nxd4 g6 5. Nc3 Bg7 6. Be3 Nf6 7.
Bc4 O-O 8. Bb3 d6 9. h3 Bd7 10. O-O Na5 11. Qe2 Rc8 12. Rad1 Rxc3 13.
bxc3 Nxe4 14. Bd2 Nxd2 15. Rxd2 e6 16. c4 a6 17.
Nf3 b5 18. Rxd6 Qc7 19. Rfd1 Bc6 20. cxb5 Bxb5 21. Qd2 Nc4 22. Bxc4 Qxc4 23. Nd4 Ba4 24. Qd3 Qb4 25. Qxa6 Bf6 26. Qb6 Qc3 27. Nf3 Qxc2 28. R6d2 Qc4 29. Qe3 Bc6 30. Qe2 Qa4 31. Qe3 Qc4 32. Qe2 Qa4 33. Qe3
Qc4 34. Qa3 Ra8 35. Qd6 Bxf3 36. gxf3 Rxa2 37. Rxa2 Qxa2 38. Qd3 Qa4 39. Kg2 Qf4 40. Qe4 Qg5+ 41. Qg4 Qb5 42. Rc1 Qd7 43. Qe4 Kg7 44. Qc6 1/2-1/2

[Event "IV Pullman Blitz 2022"]
[Site "Riga, Latvia"]
[Date "2022.02.20"]
[Round "5.4"]
[White "Jazdanovs, Aleksandrs"]
[Black "Sveshnikov, Vladimir"]
[Result "1/2-1/2"]
[TimeControl "180+2"]
[BlackTitle "IM"]
[WhiteElo "2027"]
[BlackElo "2233"]

1. Nf3 d5 2. c4 e6 3. e3 Nf6 4. b3 Bd6 5.
Be2 O-O 6. O-O b6 7. Ba3 Bxa3 8. Nxa3 Bb7 9. d3 c5 10. Qc2 Nc6 11. Qb2 Qe7 12. Ne5 Nxe5 13. Qxe5 dxc4 14. dxc4 Rfd8 15. Rfd1 Bc6 16. Nc2 h6 17. Ne1 a5 18. a4 Qb7 19.
Bf3 Bxf3 20. Nxf3 Ne4 21. h4 Qc6 22. Qb2 f6 23. Qc2 e5 24. Rxd8+ Rxd8 25. Rd1 Rxd1+ 26. Qxd1 Qd6 27. Qxd6 Nxd6 28. Nd2 h5 29. Kf1 Kf7 30. Ke2 Nf5 31. g3 g5 32. hxg5 fxg5 33. Ne4 Kg6 34. Kf3 g4+ 35.
Ke2 Kf7 36. Nc3 1/2-1/2

[Event "IV Pullman Blitz 2022"]
[Site "Riga, Latvia"]
[Date "2022.02.20"]
[Round "6.1"]
[White "Antoms, Guntars"]
[Black "Golubovskis, Maksims"]
[Result "1-0"]
[TimeControl "180+2"]
[WhiteTitle "IM"]
[BlackTitle "FM"]
[WhiteElo "2231"]
[BlackElo "2066"]

1. e4 c5 2. Nc3 d6 3. f4 g6 4. Nf3 Bg7 5. Bc4 Nc6 6. O-O Nf6 7. d3 O-O 8. f5 e6 9. fxe6 Bxe6 10. Qe1 Nb4 11. Qe2 d5 12. exd5 Nfxd5 13. Nxd5 Bxd5 14. c3 Nc6 15. Bxd5 Qxd5 16. Bg5 Rfe8 17. Qd2 Re6 18. a3 Rd6 19.
Rad1 Re8 20. Bh6 Bf6 21. Rfe1 Red8 22. Re2 Bg7 23. Bg5 f6 24. Bf4 R6d7 25. Qe1 Qf5 26. Re8+ Kf7 27. Rxd8 Rxd8 28. Be3 Rxd3 29. Rxd3 Qxd3 30. Bxc5 Qb5 31. Bb4 a5 32. Bd6 Qxb2 33. Nd4 Bf8 34. Qe6+ Kg7 35. Qd7+ Kg8 36. Qe8 Qc1+ 37. Kf2 1-0

[Event "IV Pullman Blitz 2022"]
[Site "Riga, Latvia"]
[Date "2022.02.20"]
[Round "6.2"]
[White "Berzina, Ilze"]
[Black "Berzinsh, Roland"]
[Result "0-1"]
[TimeControl "180+2"]
[WhiteTitle "WGM"]
[BlackTitle "IM"]
[WhiteElo "2068"]
[BlackElo "2285"]

1. e4 e5 2. Nf3 Nc6 3. Bb5 Nge7 4. O-O g6 5. c3 a6 6. Ba4 Bg7 7. d4 exd4 8. cxd4 O-O 9. Nc3 b5 10. Bb3 d6 11. h3 Na5 12. Bc2 Bb7 13. Re1 Re8 14. Bg5 h6 15. Bf4 c5 16.
dxc5 Nc4 17. cxd6 Nc6 18. Nd5 Nxd6 19. Rb1 Rc8 20. Qd2 Nc4 21. Qd3 Nxb2 22. Qb3 Nc4 23. Rbd1 Qa5 24. a4 N6e5 25. axb5 Qxb5 26. Nxe5 Nxe5 27.
Qa3 Rxc2 28. Qe3 Qc5 29. Qg3 g5 30. Be3 Qc8 31. Bd4 Bxd5 32. exd5 Ng6 33. d6 Rxe1+ 34. Rxe1 Bxd4 35. Rd1 Bxf2+ 0-1

[Event "IV Pullman Blitz 2022"]
[Site "Riga, Latvia"]
[Date "2022.02.20"]
[Round "6.3"]
[White "Mustaps, Matiss"]
[Black "Agafonov, Yuri Dr"]
[Result "1-0"]
[TimeControl "180+2"]
[WhiteTitle "FM"]
[WhiteElo "2261"]
[BlackElo "2005"]

1. e4 d5 2. exd5 Qxd5 3.
Nc3 Qe5+ 4. Nge2 Bg4 5. d4 Qd6 6. h3 Bh5 7. g4 Bg6 8.
Bg2 c6 9. Bf4 Qb4 10. O-O e6 11.
a3 Qa5 12. b4 Qd8 13. b5 Bd6 14.
bxc6 Nxc6 15. Rb1 Bxf4 16. d5 Na5 17. Nxf4 Rc8 18. Nb5 Bxc2 19. Qd4 Nf6 20. Rbc1 O-O 21. Qxa7 exd5 22. Nd4 Be4 23. Rxc8 Qxc8 24. Qxa5 Bxg2 25. Nxg2 Re8 26. Nf5 Qb8 27. Qc3 Rc8 1-0

[Event "IV Pullman Blitz 2022"]
[Site "Riga, Latvia"]
[Date "2022.02.20"]
[Round "6.4"]
[White "Laimins, Lauris"]
[Black "Jazdanovs, Aleksandrs"]
[Result "1-0"]
[TimeControl "180+2"]
[WhiteElo "2124"]
[BlackElo "2027"]

1. d4 Nf6 2. c4 c5 3. d5 b5 4. cxb5 a6 5. b6 e6 6. Nc3 exd5 7. Nxd5 Nxd5 8. Qxd5 Nc6 9. e4 Be7 10. Bf4 Qxb6 11. Qd2 Bf6 12. Rb1 O-O 13. Bd3 Re8 14. Ne2 Nb4 15. O-O Nxa2 16.
Nc3 Nb4 17. Bc4 Be5 18. Be3 Qd6 19. Qxd6 Bxd6 20. f3 Bf8 21. Rfd1 Nc2 22. Bf2 Nd4 23. Kf1 Nc6 24. Nd5 Rb8 25. b3 Ne5 26. Be2 d6 27. Rd2 a5 28.
Ra2 Nc6 29. Bc4 Be6 30. Rba1 Bxd5 31. Bxd5 Nb4 32. Rd2 Nxd5 33. Rxd5 Rxb3 34. Rxa5 c4 35. Ra1 c3 36. Rd3 Rc8 37. Rc1 g6 38. Bd4 Bg7 39. Bxg7 Kxg7 40. Rxd6 c2 41. Ke2 Rb1 42. Kd2 Rxc1 43. Kxc1 Ra8 44. Rd2 h5 45. Kxc2 Ra3 46. Kd1 Re3 47. Re2 Rd3+ 48. Ke1 Ra3 49. Kf2 Kf6 50. Rb2 Kg5 51.
Kg3 Rc3 52. Rb5+ Kf6 53. Kf4 Rc2 54. Kg3 Rc3 55. h4 Rc2 56. Kh3 Rf2 57. Rb3 Ke5 58. Kg3 Ra2 59. Rb5+ Kf6 60. Rb3 Rc2 61. f4 Re2 62. Kf3 Ra2 63. Re3 Rb2 64. g4 hxg4+ 65. Kxg4 Rg2+ 66. Kf3 Rh2 67. Kg3 Rb2 68. Rc3 Re2 69. Rc6+ Kg7 70. e5 Re1 71. Rc7 Kf8 72. Kf2 Rh1 73. Kg3 Rg1+ 74. Kf3 Rh1 75.
Kg3 Rg1+ 76. Kh2 Rf1 77. Rc4 Ke7 78. Kg2 Ra1 79. Rb4 Re1 80. Kg3 Rg1+ 81. Kf3 Rh1 82. Kg3 Rg1+ 83. Kh2 Rf1 84. Ra4 Rf2+ 85. Kg3 Rf1 86. h5 gxh5 87. Kh4 Ke6 88. Ra6+ Ke7 89. Kg5 Rg1+ 90. Kxh5 Rg2 91. f5 Re2 92. Ra5 Rh2+ 93. Kg4 Rg2+ 94. Kf3 Rb2 95. Ra7+ Kf8 96. f6 Rb4 97. Ra8+ 1-0

[Event "IV Pullman Blitz 2022"]
[Site "Riga, Latvia"]
[Date "2022.02.20"]
[Round "7.3"]
[White "Gorozhankina, Julia"]
[Black "Laimins, Lauris"]
[Result "1/2-1/2"]
[TimeControl "180+2"]
[WhiteTitle "WFM"]
[WhiteElo "2033"]
[BlackElo "2124"]

1. e4 c6 2. d4 d5 3.
exd5 cxd5 4. c4 Nf6 5. Nc3 Nc6 6. Nf3 e6 7. cxd5 Nxd5 8. Bd3 Be7 9. O-O O-O 10. Re1 Bf6 11. Be4 Nce7 12. Be3 Bd7 13.
Rc1 Bc6 14. Bb1 Re8 15. Ne4 Ng6 1/2-1/2

[Event "IV Pullman Blitz 2022"]
[Site "Riga, Latvia"]
[Date "2022.02.20"]
[Round "7.4"]
[White "Sveshnikov, Vladimir"]
[Black "Kretainis, Kristaps"]
[Result "0-1"]
[TimeControl "180+2"]
[WhiteTitle "IM"]
[WhiteElo "2233"]
[BlackElo "2101"]

1. e4 d5 2. exd5 Qxd5 3. Nc3 Qd6 4. d4 Nf6
5. Nf3 c6 6. g3 Bf5 7. Bg2 h6 8. O-O e6 9.
Re1 Be7 10. Ne5 O-O 11. Bf4 Qb4 12. Qd2 Rd8 13. Red1 Qxb2 14. Rab1 Qxc2 15. Rxb7 Kf8 16. Qxc2 Bxc2 17. Rd2 Bf5 18. Rdb2 Nd5 19. Bd2 f6 20. Nc4 Nd7 21. Na5 N5b6 22. Nxc6 Rdc8 23. Nxe7 Kxe7 24. Nb5 Rab8 25.
Bb4+ Kd8 26. Rxa7 Nc4 27.
Rb3 Rb6 28. Bc5 Nxc5 29. dxc5 Rxc5 30. a4 Nd6 31. Bf3 Nxb5 32. axb5
Rbxb5 33. Rxb5 Rxb5 34. Rxg7 Bh3 35. Rb7 Rxb7 36. Bxb7 0-1

[Event "IV Pullman Blitz 2022"]
[Site "Riga, Latvia"]
[Date "2022.02.20"]
[Round "8.1"]
[White "Antoms, Guntars"]
[Black "Golubovskis, Maksims"]
[Result "1-0"]
[TimeControl "180+2"]
[WhiteTitle "IM"]
[BlackTitle "FM"]
[WhiteElo "2231"]
[BlackElo "2066"]

1. e4 c5 2. Nc3 d6 3. f4 g6 4. Nf3 Bg7 5. Bc4 Nc6 6. O-O Nf6 7. d3 O-O 8.
f5 e6 9. fxg6 fxg6 10. Qe1 d5 11.
Bb3 Nd4 12. Qh4 Nxb3 13. axb3 d4 14. Ne2 Nh5 15. Bg5 Bf6 16. g4 Ng7 17. e5 Bxg5 18. Nxg5 h5 19. Rxf8+ Qxf8 20. Rf1 Qd8 21. Ng3 Qd5 22. gxh5 1-0

[Event "IV Pullman Blitz 2022"]
[Site "Riga, Latvia"]
[Date "2022.02.20"]
[Round "8.2"]
[White "Batashevs, Arsens"]
[Black "Gorozhankina, Julia"]
[Result "1/2-1/2"]
[TimeControl "180+2"]
[BlackTitle "WFM"]
[WhiteElo "2113"]
[BlackElo "2033"]

1. Nf3 Nf6 2. c4 g6 3. g3 Bg7 4. Bg2 d5 5. cxd5 Nxd5 6. O-O O-O 7. Nc3 Nb6 8. d3 Nc6 9.
Be3 e5 10. Rc1 Nd4 11. Bxd4 exd4 12. Ne4 c6 13. Nc5 Re8 14. Re1 Rb8 15. Qd2 Bg4 16. a4 Nd7 17. Nb3 Bxf3 18. Bxf3 Ne5 19.
Bg2 Qd6 20. Qa5 a6 21. Qc5 Qxc5 22. Nxc5 Bf8 23. Kf1 Red8 24. Rc2 Nd7 25. Nxd7 Rxd7 26. a5 c5 27. Rec1 Rdd8 1/2-1/2

[Event "IV Pullman Blitz 2022"]
[Site "Riga, Latvia"]
[Date "2022.02.20"]
[Round "8.3"]
[White "Berzinsh, Roland"]
[Black "Kretainis, Kristaps"]
[Result "1-0"]
[TimeControl "180+2"]
[WhiteTitle "IM"]
[WhiteElo "2285"]
[BlackElo "2101"]

1. d4 Nf6 2. Bf4 e6 3. e3 b6 4. Nf3 Bb7 5. c4 Be7 6. h3 O-O 7. Nc3 d5 8. cxd5 Nxd5 9. Nxd5 Bxd5 10. Bd3 Bb4+ 11. Ke2 Bd6 12. Bxd6 cxd6 13. Qc2 f5 14.
e4 Bb7 15. Rhe1 Qf6 16. Kf1 Nc6 17. Qa4 a6 18. d5 b5 19. Qb3 Na5 20. Qb4 fxe4 21. Qxe4 g6 22. Qxe6+ Qxe6 23. dxe6 Kg7 24. Nd4 Nc4 25. Bxc4 bxc4 26. e7 Rfe8 27. Ne6+ Kf6 28. Nc7 Rxe7 29. Rxe7 Kxe7 30. Nxa8 Bxa8 31. f3 Ke6 32. Ke2 Ke5 33. Ke3 Bc6 34. Rc1 Kd5 35. Rd1+ Kc5 36. Rd4 d5 37. g4 g5 38. f4 gxf4+ 39. Rxf4 a5 40. h4 h6 41. g5 hxg5 42. hxg5 Be8 43. Rf6 d4+ 44. Kd2 Kd5 45. g6 Ke5 46. g7 1-0

[Event "IV Pullman Blitz 2022"]
[Site "Riga, Latvia"]
[Date "2022.02.20"]
[Round "8.4"]
[White "Mustaps, Matiss"]
[Black "Laimins, Lauris"]
[Result "1-0"]
[TimeControl "180+2"]
[WhiteTitle "FM"]
[WhiteElo "2261"]
[BlackElo "2124"]

1. e4 c6 2. d4 d5 3. Nc3 dxe4 4. Nxe4 Bf5 5.
Ng3 Bg6 6. Bc4 e6 7. N1e2 Nd7 8. O-O Bd6 9. Nf4 Ne7 10. Re1 Bxf4 11. Bxf4 O-O 12. Ne4 Nd5 13. Bd6 Re8 14. c3 b5 15. Bb3 a5 16. a4 b4 17. c4 N5f6 18. Ng3 Qb6 19. c5 Qd8 20. h4 h5 21. Qf3 Nd5 22. Nxh5 Qxh4 23. Nf4 Nxf4 24. Bxf4 Rac8 25. Rad1 Nf6 26.
Bg3 Qg5 27. Re5 Qh6 28. Bf4 Qh7 29.
Rde1 Nd5 30. Bxd5 cxd5 31. Qxd5 Red8 32. Qb7 Qh4 33. Bg5 Qxd4 34. Bxd8 Rxd8 35. c6 1-0

[Event "IV Pullman Blitz 2022"]
[Site "Riga, Latvia"]
[Date "2022.02.20"]
[Round "9.1"]
[White "Golubovskis, Maksims"]
[Black "Antoms, Guntars"]
[Result "1-0"]
[TimeControl "180+2"]
[WhiteTitle "FM"]
[BlackTitle "IM"]
[WhiteElo "2066"]
[BlackElo "2231"]

1. e4 d5 2. exd5 Qxd5 3. Nc3 Qd8 4. d4 Nf6 5. Nf3 Bg4 6. Be2 e6 7. h3 Bxf3 8. Bxf3 c6 9. O-O Nbd7 10. Qe2 Be7 11. Rd1 O-O 12. Ne4 Nxe4 13. Qxe4 Nf6 14. Qe2 a5 15. c4 a4 16. Rb1 Qc7 17. b4 axb3 18.
axb3 Rfd8 19. Be3 Ra3 20. b4 b5 21.
cxb5 cxb5 22. Qxb5 Rb8 23. Qe2 h6 24. b5 Nd5 25. Bxd5 exd5 26. Rdc1 Qb7 27. Bf4 Bg5 28. Bxb8 Bxc1 29. Qe8+ Kh7 30. Rxc1 Ra8 31. Rc8 Kg6 32. Qc6+ 1-0